coh3

Match 23946354
End
Construct Section Command Post
Selects Heavy Armor Battlegroup
Royal Engineer Section
Infantry Section
Infantry Section
Construct Platoon Command Post
Selects Engineer Detachments
Royal Engineer Section
Royal Engineer Section
Vickers Machine Gun Team
Royal Engineer Section
Unlock M3 Stuart Light Tanks
M3 Stuart Light Tank
Infantry Training
6-pounder Anti-tank Gun Team
Construct Field Infirmary
M3 Stuart Light Tank
Construct Company Command Post
Foot Guards Section
Selects Crusader AA Medium Tank
Grenade Package
Matilda II Heavy Tank
Selects Churchill Black Prince Heavy Tank
Matilda II Heavy Tank
Foot Guards Section
Selects Light Vehicle Withdraw and Refit
Selects Forward Repair Assembly
Selects Recon Artillery
6-pounder Anti-tank Gun Team
Recon Artillery
Royal Engineer Section
Recon Artillery
Churchill Black Prince Heavy Tank
CmdrTom
pfleming
TiMMi_ks
BravoTwoZer0
0
0

Comments sign in to comment!

No comments posted yet!